 Dungeon Crawl Stone Soup version 0.31.0-11-ge490571c62 (webtiles) character file.

Game seed: 9164483020021743248

3913 Fodor the Cleaver (level 10, -1/88 HPs)
             Began as a Minotaur Fighter on Jan 27, 2024.
             Was an Initiate of Gozag.
             Slain by a shadow (3 damage)
             ... on level 8 of the Dungeon.
             The game lasted 00:30:33 (6686 turns).

Fodor the Cleaver (Minotaur Fighter)                Turns: 6686, Time: 00:30:34

Health: -1/88      AC: 11    Str: 26    XL:     10   Next: 1%
Magic:  9/9        EV: 24    Int:  5    God:    Gozag
Gold:   1303       SH:  0    Dex:  9    Spells: 9/9 levels left

rFire   . . .        d - +6 battleaxe
rCold   . . .        (shield currently unavailable)
rNeg    . . .        b - +0 chain mail
rPois   .            (helmet restricted)
rElec   .            (no cloak)
rCorr   .            (no gloves)
SInv    .            (no boots)
Will    .....        k - amulet of the acrobat Stlth
                     (no ring)
HPRegen 0.34/turn    (no ring)
MPRegen 0.11/turn

%: acrobat
@: about to teleport, acrobatic
A: horns 2, retaliatory headbutt
a: Renounce Religion, Potion Petition, Call Merchant, Bribe Branch


You were on level 8 of the Dungeon.
You worshipped Gozag.
Gozag was most pleased with you.
You visited 2 branches of the dungeon, and saw 9 of its levels.
You also visited: Ossuary.

You collected 1367 gold pieces.
You paid 64 gold pieces to Gozag.

Inventory:

Hand Weapons
 d - a +6 battleaxe (weapon)
 l - a +0 orcbow
Armour
 b - a +0 chain mail (worn)
 t - a +0 tower shield
Jewellery
 k - an amulet of the acrobat (around neck)
Wands
 n - a wand of flame (27)
 B - a wand of roots (14)
Scrolls
 a - a scroll of identify
 e - 3 scrolls of fog
 j - a scroll of poison
 p - 3 scrolls of amnesia
 q - 3 scrolls of noise
 r - 5 scrolls of teleportation
 s - a scroll of revelation
 v - a scroll of vulnerability {unknown}
 w - a scroll of fear {unknown}
 x - a scroll of immolation {unknown}
 y - 2 scrolls of enchant armour {unknown}
Potions
 c - 2 potions of mutation
 f - 6 potions of lignification
 g - 3 potions of curing
 h - 2 potions of attraction
 i - a potion of enlightenment
 m - a potion of heal wounds {unknown}
 o - 2 potions of haste {unknown}
 u - 2 potions of might
 z - a potion of brilliance {unknown}
 A - a potion of invisibility


   Skills:
 + Level 7.7 Fighting
 + Level 11.6 Axes
 + Level 0.4 Ranged Weapons
 + Level 8.4 Armour
 + Level 3.0 Dodging
 + Level 2.2 Stealth
 + Level 7.0 Shields
 + Level 0.3 Evocations


You had 9 spell levels left.
You didn't know any spells.
Your spell library contained the following spells:

 Spells                   Type           Power      Damage    Failure   Level
 Apportation              Tloc           0%         N/A       91%         1
 Necrotise                Necr           0%         1d4       91%         1
 Slow                     Hex            0%         N/A       91%         1
 Sting                    Conj/Alch      0%         1d3       91%         1
 Summon Small Mammal      Summ           0%         N/A       91%         1
 Scorch                   Fire           0%         2d5       97%         2
 Call Canine Familiar     Summ           0%         N/A       100%        3
 Confusing Touch          Hex            0%         N/A       100%        3
 Sigil of Binding         Hex            0%         N/A       100%        3
 Vampiric Draining        Necr           0%         2d6       100%        3
 Dimensional Bullseye     Hex/Tloc       0%         N/A       100%        4
 Flame Wave               Conj/Fire      0%         2d4       100%        4
 Summon Cactus Giant      Summ           0%         N/A       100%        6


Dungeon Overview and Level Annotations

Branches:
Dungeon (8/15)             Temple (1/1) D:4         Ossuary (visited)
   Lair: D:8-11

Altars:
Ashenzari
Cheibriados
Dithmenos
Elyvilon
Fedhas
Gozag
Kikubaaqudgha
Makhleb
Nemelex Xobeh
Okawaru
Qazlal
Ru
Sif Muna
Trog
Uskayaw
Vehumet
Wu Jian
Xom
Yredelemnul
Zin
The Shining One

Annotations:
D:8 Bobbunny's ghost, novice MfSh


Innate Abilities, Weirdness & Mutations

You have a pair of horns on your head.
You reflexively headbutt those who attack you in melee.


Message History

Bobbunny's ghost closely misses you.
The shadow slips into darkness.
The shadow flickers and vanishes!
Deactivating autopickup; reactivate with Ctrl-A.
You barely miss Bobbunny's ghost. Your headbutt misses Bobbunny's ghost.
The shadow slips into darkness.
The shadow flickers and vanishes!
Bobbunny's ghost says, "Ah, a second chance to prove myself in battle!"
Bobbunny's ghost hits you!
You closely miss Bobbunny's ghost. You headbutt Bobbunny's ghost!
Bobbunny's ghost is lightly damaged.
You barely miss something. Bobbunny's ghost hits you!
The shadow strikes at you from the darkness!
Reactivating autopickup.
You hit Bobbunny's ghost.
Bobbunny's ghost is lightly damaged.
You closely miss the shadow.
Bobbunny's ghost hits you but does no damage.
The shadow hits you.
You slice Bobbunny's ghost!!
Bobbunny's ghost is heavily damaged.
You slash the shadow! You closely miss something.
Bobbunny's ghost hits you but does no damage.
The shadow strikes at you from the darkness!
The shadow hits you.
The shadow slips into darkness.
The shadow flickers and vanishes!
Deactivating autopickup; reactivate with Ctrl-A.
As you read the scroll of teleportation, it crumbles to dust.
You feel strangely unstable. Bobbunny's ghost hits you.
The shadow slips into darkness.
The shadow flickers and vanishes!
The shadow hits you.
The shadow strikes at you from the darkness!
* * * LOW HITPOINT WARNING * * *
Reactivating autopickup.
The shadow barely misses you. You furiously retaliate!
You headbutt the shadow! Bobbunny's ghost closely misses you.
The shadow attacks as it pursues you! The shadow hits you.
You die...
Your body crumbles into a pile of gold.

.......#########..)#.............
......##..8.8..#..)))#...........
.......##..[$.##...))............
.....#.#.......#.................
.....#.##.....##....#.)..........
<......#.......#....#............
.......###'''###.................
.....#............###............
.....###......WW@................
.....# #......W....###.####......
...(.# #...............# #.#####
.##### #..............## ##.# .#
##.............####..# .#
##........##........# .#
##......####.......# ## ##......#
##......# # ###......# #......#


You could see 2 shadows and Bobbunny's ghost.

Vanquished Creatures
  Psyche (D:8)
  The ghost of ces the Cleaver, an amateur MiBe of Trog (D:4)
  A hornet (D:8)
  Grinder (D:5)
  Sigmund (D:5)
  A wyvern (D:7)
  2 black bears
  3 orc warriors
  2 sky beasts (D:8)
  2 centaurs (D:8)
  3 phantoms
  2 kobold brigands
  2 bullfrogs
  3 scorpions
  3 wights (D:6)
  6 killer bees (D:7)
  2 bombardier beetles (D:5)
  3 jellies
  3 orc priests
  2 hounds
  An iguana (D:7)
  2 sleepcaps
  6 orc wizards
  8 mummies (Ossuary)
  7 gnolls
  8 adders
  2 ribbon worms
  The ghost of asd2613 the Sneak, a weakling SpEn (D:4)
  33 orcs
  3 ball pythons
  5 bats
  5 endoplasms
  3 giant cockroaches
  6 goblins
  3 hobgoblins
  3 jackals (D:5)
  3 quokkas
  5 frilled lizards
  A gnoll zombie (Ossuary)
  A hobgoblin zombie (Ossuary)
  10 kobolds
  3 kobold zombies (Ossuary)
  3 orc zombies (Ossuary)
  4 rats
170 creatures vanquished.

Notes
Turn   | Place    | Note
-------+----------+-------------------------------------------
     0 | D:1      | Fodor the Minotaur Fighter began the quest for the Orb.
     0 | D:1      | Reached XP level 1. HP: 19/19 MP: 0/0
    92 | D:1      | You fall into a shaft and drop 1 floor!
   280 | D:1      | Reached XP level 2. HP: 27/27 MP: 1/1
   747 | D:2      | Found a faded altar of an unknown god.
   900 | D:2      | Reached skill level 3 in Axes
   900 | D:2      | Reached XP level 3. HP: 31/33 MP: 2/2
  1591 | D:3      | Reached XP level 4. HP: 41/41 MP: 3/3
  2077 | D:4      | Noticed a scorpion
  2095 | D:4      | Killed a scorpion
  2096 | D:4      | Reached XP level 5. HP: 16/47 MP: 4/4
  2265 | D:4      | Reached skill level 4 in Axes
  2573 | D:4      | Reached skill level 1 in Dodging
  2586 | D:4      | Found a snail-covered altar of Cheibriados.
  2586 | D:4      | Found a sacrificial altar of Ru.
  2679 | D:4      | Found a runed translucent gate.
  2679 | D:4      | Found a runed translucent gate.
  2679 | D:4      | Found a runed translucent gate.
  2683 | D:4      | Noticed asd2613's ghost (weakling SpEn)
  2683 | D:4      | Noticed ces's ghost (amateur MiBe)
  2719 | D:4      | Killed asd2613's ghost
  2735 | D:4      | Killed ces's ghost
  2736 | D:4      | Reached skill level 5 in Fighting
  2736 | D:4      | Reached skill level 5 in Axes
  2736 | D:4      | Reached skill level 5 in Armour
  2736 | D:4      | Reached skill level 5 in Shields
  2736 | D:4      | Reached XP level 6. HP: 21/56 MP: 5/5
  3124 | D:4      | Found a staircase to the Ecumenical Temple.
  3162 | D:4      | Reached XP level 7. HP: 49/61 MP: 6/6
  3163 | Temple   | Entered the Ecumenical Temple
  3184 | Temple   | Became a worshipper of Gozag Ym Sagoz the Greedy
  3274 | D:5      | Entered Level 5 of the Dungeon
  3348 | D:5      | Noticed Sigmund
  3353 | D:5      | Killed Sigmund
  3441 | D:5      | Reached skill level 6 in Axes
  3477 | D:5      | Noticed Grinder
  3486 | D:5      | Paralysed by Grinder for 2 turns
  3495 | D:5      | Paralysed by Grinder for 5 turns
  3506 | D:5      | Killed Grinder
  3590 | D:5      | Reached XP level 8. HP: 43/70 MP: 7/7
  3787 | D:5      | Reached skill level 7 in Axes
  3812 | D:5      | Found a sand-covered staircase.
  3820 | Ossuary  | Entered an ossuary
  4693 | D:6      | Reached skill level 1 in Stealth
  4699 | D:6      | Reached skill level 8 in Axes
  5201 | D:7      | Reached skill level 9 in Axes
  5201 | D:7      | Reached XP level 9. HP: 35/78 MP: 8/8
  5677 | D:7      | Found a sparkling altar of Nemelex Xobeh.
  5694 | D:7      | Found a bloodstained altar of Trog.
  5959 | D:7      | Reached skill level 10 in Axes
  6047 | D:8      | Found a shimmering blue altar of Sif Muna.
  6202 | D:8      | Paralysed by a hornet for 2 turns
  6211 | D:8      | Reached skill level 11 in Axes
  6416 | D:8      | Found a runed translucent gate.
  6417 | D:8      | Found a runed translucent gate.
  6418 | D:8      | Found a runed translucent gate.
  6419 | D:8      | Noticed Bobbunny's ghost (novice MfSh)
  6504 | D:8      | Found a shimmering altar of Xom.
  6556 | D:8      | Noticed Psyche
  6563 | D:8      | Killed Psyche
  6570 | D:8      | Reached XP level 10. HP: 47/88 MP: 9/9
  6685 | D:8      | HP: 2/88 [something (25)]
  6686 | D:8      | Slain by a shadow

Illustrated notes

Levels and vault maps discovered:
D:1:      zaba_arrival_water, layout_rooms, solitary_fountain
D:2:      layout_basic, shapermc_ecumenical_altar_pompeii
D:3:      layout_basic
D:4:      layout_loops_ring, nicolae_overflow_two_pavilions,
          minmay_temple_entry_stoned_glass, gammafunk_ghost_cemetery
D:5:      layout_basic, lightli_ossuary_entry_decrepit_ruins,
          minmay_misc_feat_pillars, uniq_sigmund, uniq_grinder
D:6:      layout_cave_pools
D:7:      layout_cave_pools, jmf_multi_god_temple2
D:8:      layout_rooms, nicolae_sif_muna_condensation, xom_butterflies,
          gammafunk_ghost_spectres, uniq_psyche
Temple:   nicolae_temple_bog_church

Skill      XL: |  1  2  3  4  5  6  7  8  9 |
---------------+----------------------------+-----
Fighting       | 4 5 6 7 |  7.7
Shields        | 4 5 6 7 |  7.0
Armour         | 4 5 6 7 8 |  8.4
Axes           | 3 5 6 9 11 | 11.6
Dodging        | 1 2 3 |  3.0
Stealth        | 1 2 |  2.2
Ranged Weapons | |  0.4
Evocations     | |  0.3

Action                     |  1- 3 |  4- 6 |  7- 9 | 10-12 || total
---------------------------+-------+-------+-------+-------++-------
  Melee: War axe           |    91 |   103 |   143 |       ||   337
         Headbutt          |    10 |    14 |    39 |     1 ||    64
         Battleaxe         |       |       |    91 |     4 ||    95
   Fire: Orcbow            |       |       |     4 |       ||     4
  Evoke: Wand              |       |     2 |       |       ||     2
    Use: Scroll            |       |       |    12 |     1 ||    13
         Potion            |       |       |     6 |       ||     6
   Stab: Distracted        |       |       |     1 |       ||     1
         Invisible         |       |       |     4 |       ||     4
 Armour: Chain mail        |    69 |    84 |   186 |    12 ||   351
         Scale mail        |     1 |       |       |       ||     1
         Skin              |       |       |    40 |       ||    40
  Dodge: Dodged            |    45 |    36 |   119 |     3 ||   203
  Block: Buckler           |     3 |       |       |       ||     3
         Kite shield       |    39 |    35 |       |       ||    74
         Tower shield      |       |    10 |   104 |       ||   114
